 Dungeon Crawl Stone Soup version 0.23-a0-8-gb809bb70e4 (webtiles) character file.

68 hexalxvi the Cudgeler (level 4, -1/36 HPs)
             Began as a Demonspawn Berserker on Aug 1, 2018.
             Was a Believer of Trog.
             Slain by an orc
             ... wielding a +0 flail
              (10 damage)
             ... on level 3 of the Dungeon.
             The game lasted 00:06:45 (2556 turns).

hexalxvi the Cudgeler (Demonspawn Berserker)        Turns: 2556, Time: 00:06:45

Health: -1/36      AC:  2    Str: 19    XL:     4   Next: 1%
Magic:  4/4        EV: 13    Int:  8    God:    Trog [**....]
Gold:   75         SH:  3    Dex: 12    Spells: 3/3 levels left

rFire    . . .     SeeInvis .   a - +0 flail
rCold    . . .     Gourm    .   q - +0 buckler
rNeg     . . .     Faith    .   b - +0 animal skin
rPois    .         Spirit   .   (helmet restricted)
rElec    .         Reflect  .   (no cloak)
rCorr    .         Harm     .   (no gloves)
MR       .....                  (no boots)
Stlth    +.........             (no amulet)
HPRegen  0.12/turn              (no ring)
MPRegen  0.09/turn              (no ring)

@: no status effects
A: antennae 1, repulsion field 1
a: Berserk, Trog's Hand, Renounce Religion


You were on level 3 of the Dungeon.
You worshipped Trog.
Trog was pleased with you.
You were not hungry.

You visited 1 branch of the dungeon, and saw 3 of its levels.

You collected 75 gold pieces.

Inventory:

Hand Weapons
 a - a +0 flail (weapon)
Missiles
 d - 56 stones (quivered)
 m - 11 sling bullets
Armour
 b - a +0 animal skin (worn)
 q - a +0 buckler (worn)
Scrolls
 e - a scroll of random uselessness {unknown}
 g - a scroll of remove curse {unknown}
 i - 2 scrolls of amnesia {unknown}
 j - a scroll of fog {unknown}
 k - 2 scrolls of identify {unknown}
 l - a scroll of teleportation {unknown}
 n - a scroll of enchant weapon {unknown}
 o - a scroll of noise {unknown}
Potions
 p - a potion of invisibility {unknown}
Comestibles
 c - 4 rations


   Skills:
 + Level 3.6 Fighting
 * Level 4.0 Maces & Flails
 - Level 1.7 Armour
 - Level 1.7 Dodging
 + Level 0.2 Shields


You had 3 spell levels left.
You didn't know any spells.
Your spell library was empty.

Dungeon Overview and Level Annotations

Branches:
Dungeon (3/15)

Altars:


Innate Abilities, Weirdness & Mutations

You have a pair of small antennae on your head.
You are surrounded by a mild repulsion field. (EV +2)


Message History

The worker ant is almost dead.
The worker ant misses you. The orc completely misses you.
The worker ant barely misses you.
You hit the worker ant but do no damage.
The worker ant is almost dead.
You feel sick. The orc barely misses you. The worker ant closely misses you.
You barely miss the worker ant.
The worker ant is almost dead.
The worker ant misses you. The orc barely misses you.
The worker ant barely misses you.
You closely miss the worker ant.
The worker ant is almost dead.
The orc misses you. You block the worker ant's attack.
The dart slug launches a dart at you. The slug dart hits you!
* * * LOW HITPOINT WARNING * * *
It was a potion of curing.
You feel better. The worker ant bites you.
* * * LOW HITPOINT WARNING * * *
The orc hits you with a flail!
You die...

####....(.(.........
#........(.........#
#.##........((......!.#
..............(.......#
#.$.......(....####...#
.#.......(>(.......
....
..............$#....
...
..........wa...#.... ..
..........o@........
#.......(......##...
#..............#
......?........#
####..........##
#.........##
#..######## #.. ...


You could see a worker ant, a dart slug and an orc.

Vanquished Creatures
  2 oozes
  2 worms (D:2)
  A dart slug (D:1)
  2 leopard geckos
  An orc (D:2)
  5 giant cockroaches
  4 goblins
  5 hobgoblins
  6 jackals (D:2)
  2 quokkas
  3 bats
  3 frilled lizards (D:1)
  5 kobolds
  4 rats
45 creatures vanquished.

Notes
Turn   | Place    | Note
-------+----------+-------------------------------------------
     0 | D:1      | hexalxvi the Demonspawn Berserker began the quest for the Orb.
     0 | D:1      | Reached XP level 1. HP: 18/18 MP: 1/1
   318 | D:1      | Reached skill level 3 in Maces & Flails
   476 | D:1      | Gained mutation: You are surrounded by a mild repulsion field. (EV +2) [demonic ancestry]
   476 | D:1      | Reached XP level 2. HP: 24/24 MP: 2/2
  1180 | D:2      | Gained mutation: You have a pair of small antennae on your head. [demonic ancestry]
  1180 | D:2      | Reached XP level 3. HP: 25/29 MP: 3/3
  1293 | D:2      | Reached ** piety under Trog
  2318 | D:2      | Reached skill level 4 in Maces & Flails
  2319 | D:2      | Reached XP level 4. HP: 22/36 MP: 4/4
  2556 | D:3      | Slain by an orc

Vault maps used:
D:1:      dpeg_arrival_snail
D:3:      old_standard_altar, first_ration

Skill      XL: |  1  2  3 |
---------------+----------+-----
Maces & Flails | 3 4 |  4.0
Fighting       | |  3.6
Armour         | |  1.7
Dodging        | |  1.7
Shields        | |  0.2

Action                   |  1- 3 |  4- 6 || total
-------------------------+-------+-------++-------
Melee: Mace              |   121 |       ||   121
       Flail             |    12 |    11 ||    23
Throw: Stone             |    49 |       ||    49
  Use: Potion            |       |     1 ||     1
 Stab: Sleeping          |     3 |       ||     3
  Eat: Chunk             |     5 |       ||     5
Armor: Animal skin       |    25 |     1 ||    26
Dodge: Dodged            |   121 |    14 ||   135
Block: Buckler           |     3 |     4 ||     7

Table legend:
 A = Spawn XP
 B = Non-spawn XP
 C = Spawn XP percentage of total XP
 D = Spawn monster count
 E = Non-spawn monster count
 F = Spawn count percentage of total count
 G = Total turns spent on level
                    A         B        C        D         E        F      G
               +---------+---------+-------+---------+---------+-------+---------
         Total |       0 |      98 |   0.0 |       0 |      45 |   0.0 |  2556
               +---------+---------+-------+---------+---------+-------+---------
           D:1 |       0 |      38 |   0.0 |       0 |      20 |   0.0 |  1152
           D:2 |       0 |      52 |   0.0 |       0 |      21 |   0.0 |  1297
           D:3 |       0 |       8 |   0.0 |       0 |       4 |   0.0 |   107
               +---------+---------+-------+---------+---------+-------+---------
